 Dungeon Sprint DCSS version 0.21-a0-221-gfe971b9 (webtiles) character file.

67010 minicreteconcrete the Ecstatic (level 14, -16/119 HPs)
             Began as a Demonspawn Skald on Aug 27, 2017.
             Was an Elder of Uskayaw.
             Shot with an arrow by a deep elf master archer (34 damage)
             ... in the Dungeon (Sprint V: "Ziggurat Sprint").
             The game lasted 00:13:55 (527 turns).

minicreteconcrete the Ecstatic (Demonspawn Skald)    Turns: 527, Time: 00:13:56

Health: -16/119    AC: 25    Str: 24    XL:     14   Next: 81%
Magic:  23/30      EV:  2    Int: 12    God:    Uskayaw [****..]
Gold:   0          SH: 32    Dex: 17    Spells: 26/30 levels left

rFire    + + .     SeeInvis +   a - +14 obsidian axe {chop, +Fly SInv *Curse} (curse)
rCold    + . .     Gourm    .   P - +18 shield of the Gong {rElec rN+ MR+ EV-5}
rNeg     + . .     Faith    .   z - +5 gold dragon scales
rPois    +         Spirit   .   (no helmet)
rElec    +         Reflect  .   V - +0 cloak {rPois}
rCorr    .         Harm     .   (no gloves)
MR       ++++.     Rnd*Rage +   (boots unavailable) Stlth ..........NoTele +
                                U - necklace of Bloodlust {*Rage +Rage MR++ Int-3 Slay+6 *Curse} (curse)
HPRegen  11.29/turn             K - +6 ring of strength
MPRegen  0.22/turn              L - +6 ring of strength

@: berserk cooldown, mesmerised, slowed, very slow
A: talons 3, yellow scales 1, fire resistance 1, powered by death 3
a: Stomp, Line Pass, Renounce Religion, Evoke Berserk Rage, Evoke Flight


You were in the Dungeon.
You worshipped Uskayaw.
Uskayaw was extremely pleased with you.
You were not hungry.

You visited 1 branch

Inventory:

Hand Weapons
 a - the cursed +14 obsidian axe (weapon) {chop, +Fly SInv *Curse}
   (You found it in the Dungeon)

   It inflicts extra damage upon your enemies.
   It lets you see invisible.
   It lets you fly.
   It curses itself when equipped.
   It has a curse placed upon it.
 n - a +5 broad axe of chopping
 O - a +0 hand axe
Armour
 b - a +0 leather armour
 y - a +3 large shield
 z - +5 gold dragon scales (worn)
 P - the +18 shield of the Gong (worn) {rElec rN+ MR+ EV-5}
   (You found it in the Dungeon)

   It affects your evasion (-5).
   It insulates you from electricity.
   It protects you from negative energy.
   It affects your resistance to hostile enchantments.
 V - a +0 cloak of poison resistance (worn)
Magical Staves
 E - an uncursed staff of energy
Jewellery
 G - a +6 ring of dexterity
 H - a +6 ring of dexterity
 I - a +6 ring of intelligence
 J - a +6 ring of intelligence
 K - a +6 ring of strength (left hand)
 L - a +6 ring of strength (right hand)
 M - an uncursed ring of flight
 S - the ring "Irih" {rC+ MP+9}
   (You found it in the Dungeon)

   [ring of magical power]

   It protects you from cold.
   It affects your magic capacity (+9).
 T - an uncursed amulet of guardian spirit
 U - the cursed necklace of Bloodlust (around neck) {*Rage +Rage MR++ Int-3 Slay+6 *Curse}
   (You found it in the Dungeon)

   [amulet of rage]

   It affects your intelligence (-3).
   It affects your accuracy and damage with ranged weapons and melee attacks
   (+6).
   It affects your resistance to hostile enchantments.
   It lets you go berserk.
   It may make you go berserk in combat.
   It curses itself when equipped.
   It has a curse placed upon it.
Wands
 A - a wand of disintegration (7/24)
 B - a wand of iceblast (5/15)
 C - a wand of lightning (5/15)
 D - a wand of acid (5/15)
Scrolls
 j - 4 scrolls of blinking
 q - 4 scrolls of amnesia
 r - 3 scrolls of recharging
 s - 7 scrolls of fog
 t - 5 scrolls of identify
 u - 5 scrolls of remove curse
 v - 2 scrolls of fear
Potions
 e - 10 potions of curing
 f - 7 potions of heal wounds
 g - 10 potions of haste
 h - 6 potions of magic
 i - 3 potions of berserk rage
 k - 2 potions of brilliance
 l - 2 potions of invisibility
 m - 4 potions of resistance
 o - 6 potions of agility
 p - 6 potions of might
Books
 c - a book of Battle

   Spells                             Type                      Level
   a - Infusion                       Charms                       1
   b - Shroud of Golubria             Charms/Translocation         2
   c - Song of Slaying                Charms                       2
   d - Spectral Weapon                Hexes/Charms                 3
   e - Regeneration                   Charms/Necromancy            3
Miscellaneous
 F - a crystal ball of energy
 N - a lightning rod (4/4)
 R - 2 boxes of beasts
 W - 4 phantom mirrors
Comestibles
 d - 4 bread rations
 w - 42 fruits
 x - 4 meat rations


   Skills:
 + Level 13.9 Fighting
 + Level 18.3 Axes
 + Level 1.6 Throwing
 + Level 9.8 Armour
 + Level 4.1 Dodging
 + Level 14.4 Stealth
 + Level 14.5 Shields
 * Level 8.7 Spellcasting
 * Level 10.1 Charms
 * Level 8.2 Necromancy
 * Level 24.3 Invocations
 + Level 2.1 Evocations


You had 26 spell levels left.
You knew the following spells:

 Your Spells              Type           Power        Failure   Level  Hunger
a - Infusion              Chrm           ####         12%         1    None
r - Regeneration          Chrm/Necr      ####......   45%         3    ##.....


Dungeon Overview and Level Annotations

Branches:
Dungeon (1/1)

Altars:
Ashenzari
Cheibriados
Dithmenos
Elyvilon
Fedhas
Gozag
Hepliaklqana
Kikubaaqudgha
Makhleb
Nemelex Xobeh
Okawaru
Qazlal
Ru
Sif Muna
Trog
Uskayaw
Vehumet
Wu Jian
Xom
Yredelemnul
Zin
The Shining One
Beogh
Jiyva
Lugonu

Annotations:
D 1 transporter


Innate Abilities, Weirdness & Mutations

You have claws for feet.
You are partially covered in yellow scales. (AC +2)
Your flesh is heat resistant. (rF+)
You regenerate a lot of health from kills.


Message History

Visions of slaying the deep elf sorcerer flood into your mind.
You block the deep elf blademaster's attack.
SHROANNG!
The deep elf blademaster completely misses you.
The deep elf master archer shoots an arrow.
The arrow hits you but does no damage.
You block the war axe of chopping's attack.
GONNNNG!
The deep elf master archer shoots an arrow.
The arrow hits you!!
* * * LOW HITPOINT WARNING * * *
The trident of venom hits you but does no damage.
The deep elf high priest invokes the aid of its god against you.
Something smites you!
* * * LOW HITPOINT WARNING * * *
The deep elf sorcerer gestures wildly while chanting.
The deep elf sorcerer seems to speed up.
The deep elf master archer shoots an arrow.
The arrow hits you!!
You die...

....._▓▓..▓▓▓.....▓▓▓..▓.........
_8_8_8▓▓...▓.......▓...▓......©..
▓▓▓▓▓▓▓▓...............▓▓▓▓▓▓▓▓▓▓
.......©.......▓.....8©8.
▓▓▓▓▓▓▓▓▓▓▓▓▓▓▓▓..)")))=.
.....8©8......▓..=::[.).
.:)[e(eee4::..▓.........
.))eDeeeee[}..▓.........
....eYe(@e.....▓.........
......ee)e.....▓....)..[.
.......4e......▓....†).).
...............▓...[))...
...............▓..▓).....
..e§...........▓.........
...............▓.........
..▓.......▓...▓......©.. .
▓▓.....▓▓ .▓▓▓▓▓▓▓▓▓▓


You could see a deep elf blademaster, 2 deep elf master archers, a swamp dragon
shaped shifter, a deep elf annihilator, 3 deep elf sorcerers, 3 deep elf
archers, 2 deep elf knights, a deep elf high priest, 5 deep elf magi, an ice
beast, 2 dancing weapons, a friendly ice devil and a friendly chaos spawn.

Vanquished Creatures
  A deep elf blademaster (D)
  A lich (D)
  2 deep elf master archers (D)
  A thorn hunter (D)
  A deep elf sorcerer (D)
  A vault warden (D)
  A stone giant (D)
  4 reapers (D)
  2 spriggan defenders (D)
  A vampire knight (D)
  A deep elf annihilator (D)
  A dire elephant (D)
  3 merfolk javelineers (D)
  3 merfolk impalers (D)
  A yaktaur captain (D)
  8 vault guards (D)
  2 spriggan air magi (D)
  An ice dragon (D)
  A naga warrior (D)
  A centaur warrior (D)
  A merfolk avatar (D)
  An alligator (shapeshifter) (D)
  A hell hog (D)
  A merfolk aquamancer (D)
  A satyr (D)
  3 dancing weapons (D)
  3 spriggan berserkers (D)
  A deep elf knight (D)
  2 skeletal warriors (D)
  A spriggan druid (D)
  2 shambling mangroves (D)
  2 deep elf archers (D)
  An ironbrand convoker (D)
  3 necromancers (D)
  A harpy (D)
  An ugly thing (D)
  6 deep elf magi (D)
  A wolf spider (D)
  A merfolk siren (D)
  3 guardian serpents (D)
  A black mamba (D)
  A naga mage (D)
  2 rust devils (D)
  A hellion (D)
  A yaktaur (D)
  An ice devil (D)
  4 freezing wraiths (D)
  A dryad (D)
  A tormentor (D)
  A jumping spider (D)
  A red devil (D)
  2 polar bears (D)
  2 merfolk (D)
  4 hornets (D)
  2 wind drakes (D)
  2 hippogriffs (D)
  A snapping turtle (D)
  2 flying skulls (D)
  An air elemental (D)
  4 shadows (D)
  A water elemental (D)
  2 vampires (D)
  A spriggan (D)
  2 wraiths (D)
  A naga (D)
  2 water moccasins (D)
  A hell hound (D)
  An orc warrior (D)
  A phantom (D)
  A black bear (shapeshifter) (D)
  An ice beast (D)
  A necrophage (D)
  An ogre (shapeshifter) (D)
  A centaur (D)
  A tengu (shapeshifter) (D)
  4 scorpions (D)
  5 wights (D)
  A crimson imp (D)
  A quasit (D)
  An orc priest (D)
  An orc wizard (D)
  5 iron imps (D)
  A mummy (D)
  3 shadow imps (D)
  3 white imps (D)
  3 adder skeletons (D)
  2 adder zombies (D)
  An orc (D)
  4 bat skeletons (D)
  2 bat zombies (D)
  A ball python (D)
  2 ball python zombies (D)
  4 giant cockroach zombies (D)
  A jackal skeleton (D)
  A jackal zombie (D)
  A leopard gecko zombie (D)
173 creatures vanquished.

Vanquished Creatures (collateral kills)
  A vampire knight (D)
  2 vault guards (D)
  An ice dragon (D)
  A death knight (D)
  A soul eater (D)
  A wolf spider (D)
  A deep elf mage (D)
  A black mamba (D)
  A merfolk (D)
  A hippogriff (D)
  A floating eye (shapeshifter) (D)
  An orc warrior (D)
  A centaur (D)
  A wight (D)
  An iron imp (D)
  An orc wizard (D)
  An adder (D)
  2 bat skeletons (D)
  A jackal zombie (D)
21 creatures vanquished.

Vanquished Creatures (others)
  A wight (D)
1 creature vanquished.

Grand Total: 195 creatures vanquished

Notes
Turn   | Place    | Note
-------+----------+-------------------------------------------
     0 | D        | Found the +6 Majin-Bo {vamp, Archmagi MP+6 Int+6}
     0 | D        | Found the +7 great mace "Firestarter" {inner flame, rF++}
     0 | D        | minicreteconcrete the Demonspawn Skald began the quest for the Orb.
     0 | D        | Reached XP level 1. HP: 16/16 MP: 3/3
     0 | D        | Found a deep blue altar of Sif Muna.
     0 | D        | Found a sacrificial altar of Ru.
     0 | D        | Found a bloodstained altar of Trog.
     0 | D        | Found a stormy altar of Qazlal.
     0 | D        | Found an iron altar of Okawaru.
     0 | D        | Found a sparkling altar of Nemelex Xobeh.
     0 | D        | Found a blossoming altar of Fedhas.
     2 | D        | Found a transporter.
     2 | D        | Found an ancient bone altar of Kikubaaqudgha.
     2 | D        | Found a viscous altar of Jiyva.
     2 | D        | Found a corrupted altar of Lugonu.
     2 | D        | Found a hazy altar of Hepliaklqana.
     2 | D        | Found a burning altar of Makhleb.
     2 | D        | Found an opulent altar of Gozag.
    29 | D        | Found the +9 heavy crossbow "Sniper" {velocity, Acc+∞ SInv}
    29 | D        | Found the +10 dark maul {crush}
    29 | D        | Found the +15 Maxwell's patent armour {-Cast -Tele rElec MR+ rCorr}
    29 | D        | Found the +18 shield of the Gong {rElec rN+ MR+ EV-5}
    29 | D        | Found the cursed +14 obsidian axe {chop, +Fly SInv *Curse}
    30 | D        | Reached skill level 1 in Throwing
    30 | D        | Reached skill level 1 in Stealth
    30 | D        | Reached skill level 1 in Shields
    30 | D        | Gained mutation: You have sharp toenails. [demonic ancestry]
    30 | D        | Reached XP level 2. HP: 24/24 MP: 3/5
    59 | D        | Became a worshipper of Uskayaw the Reveler
    76 | D        | Entered arena 2.
    76 | D        | Noticed a polar bear
    76 | D        | Noticed a polar bear
    76 | D        | Found a transporter.
    80 | D        | Reached * piety under Uskayaw
    82 | D        | Reached ** piety under Uskayaw
    85 | D        | Killed a polar bear
    85 | D        | Reached skill level 5 in Charms
    85 | D        | Reached XP level 3. HP: 25/32 MP: 5/8
    85 | D        | Gained mutation: You regenerate a little health from kills. [demonic ancestry]
    85 | D        | Reached XP level 4. HP: 30/38 MP: 6/10
    85 | D        | Reached XP level 5. HP: 34/43 MP: 6/11
    86 | D        | Reached *** piety under Uskayaw
    87 | D        | Killed a polar bear
    87 | D        | Reached skill level 5 in Fighting
    87 | D        | Reached skill level 5 in Axes
    87 | D        | Gained mutation: You regenerate health from kills. [demonic ancestry]
    87 | D        | Reached XP level 6. HP: 42/52 MP: 6/12
    87 | D        | Reached **** piety under Uskayaw
   129 | D        | Learned a level 3 spell: Regeneration
   130 | D        | Entered arena 3.
   130 | D        | Found a transporter.
   140 | D        | Entered arena 4.
   140 | D        | Noticed a red ugly thing
   140 | D        | Found a transporter.
   144 | D        | Gained mutation: You regenerate a lot of health from kills. [demonic ancestry]
   144 | D        | Reached XP level 7. HP: 58/58 MP: 13/13
   144 | D        | Reached skill level 5 in Shields
   145 | D        | Reached skill level 5 in Armour
   146 | D        | Killed a red ugly thing
   146 | D        | Gained mutation: You have razor-sharp toenails. [demonic ancestry]
   146 | D        | Reached XP level 8. HP: 65/65 MP: 14/14
   153 | D        | Entered arena 5.
   153 | D        | Found a transporter.
   154 | D        | Found the +3 robe of Folly {Archmagi, MR-- Int+5}
   157 | D        | Reached ***** piety under Uskayaw
   165 | D        | Entered arena 6.
   165 | D        | Noticed a deep elf mage
   165 | D        | Noticed a deep elf mage
   165 | D        | Noticed a deep elf mage
   165 | D        | Noticed a deep elf mage
   165 | D        | Noticed a deep elf mage
   165 | D        | Found a transporter.
   171 | D        | Killed a deep elf mage
   171 | D        | Reached skill level 5 in Stealth
   172 | D        | Reached ****** piety under Uskayaw
   173 | D        | Killed a deep elf mage
   173 | D        | Reached skill level 10 in Axes
   173 | D        | Gained mutation: You have claws for feet. [demonic ancestry]
   173 | D        | Reached XP level 9. HP: 74/74 MP: 15/15
   173 | D        | Killed a deep elf mage
   176 | D        | Killed a deep elf mage
   176 | D        | Reached skill level 3 in Invocations
   176 | D        | Killed a deep elf mage
   176 | D        | Reached skill level 4 in Invocations
   179 | D        | Got the ring "Irih" {rC+ MP+9}
   185 | D        | Entered arena 7.
   186 | D        | Found a transporter.
   190 | D        | Noticed a soul eater
   193 | D        | Reached skill level 5 in Invocations
   204 | D        | Entered arena 8.
   205 | D        | Found a transporter.
   217 | D        | Entered arena 9.
   217 | D        | Noticed a wolf spider
   217 | D        | Noticed a wolf spider
   217 | D        | Noticed a jumping spider
   218 | D        | Found a transporter.
   222 | D        | Killed a jumping spider
   224 | D        | Killed a wolf spider
   224 | D        | Reached skill level 6 in Invocations
   224 | D        | Gained mutation: You are partially covered in yellow scales. (AC +2) [demonic ancestry]
   224 | D        | Reached XP level 10. HP: 80/83 MP: 4/16
   224 | D        | Killed a wolf spider
   224 | D        | Reached skill level 7 in Invocations
   231 | D        | Entered arena 10.
   232 | D        | Found the cursed necklace of Bloodlust {*Rage +Rage MR++ Int-3 Slay+6 *Curse}
   232 | D        | Found a transporter.
   242 | D        | Reached skill level 8 in Invocations
   252 | D        | Entered arena 11.
   252 | D        | Noticed a vault warden
   252 | D        | Noticed a deep elf knight
   252 | D        | Noticed a vault guard
   252 | D        | Noticed a yaktaur captain
   252 | D        | Noticed a vault guard
   252 | D        | Noticed an ironbrand convoker
   252 | D        | Noticed a centaur warrior
   252 | D        | Noticed a death knight
   253 | D        | Found a transporter.
   257 | D        | Killed a deep elf knight
   257 | D        | Killed an ironbrand convoker
   257 | D        | Reached skill level 9 in Invocations
   257 | D        | Killed a vault warden
   257 | D        | Reached skill level 10 in Fighting
   257 | D        | Reached skill level 10 in Shields
   257 | D        | Reached skill level 10 in Invocations
   257 | D        | Reached XP level 11. HP: 91/91 MP: 7/18
   259 | D        | Killed a vault guard
   259 | D        | Killed a yaktaur captain
   260 | D        | Killed a centaur warrior
   260 | D        | Reached skill level 11 in Invocations
   264 | D        | Killed a death knight
   265 | D        | Killed a vault guard
   271 | D        | Entered arena 12.
   271 | D        | Noticed a deep elf mage
   271 | D        | Noticed a deep elf archer
   271 | D        | Noticed a deep elf blademaster
   271 | D        | Noticed a deep elf master archer
   272 | D        | Noticed a battleaxe of flaming
   272 | D        | Killed a deep elf blademaster
   272 | D        | Reached skill level 15 in Axes
   272 | D        | Reached skill level 12 in Invocations
   272 | D        | Found a transporter.
   272 | D        | Noticed a deep elf archer
   272 | D        | Noticed a deep elf master archer
   272 | D        | Noticed a deep elf mage
   272 | D        | Noticed a spark wasp
   273 | D        | Noticed a fire dragon
   273 | D        | a spark wasp changed into a fire dragon
   275 | D        | Killed a deep elf mage
   275 | D        | Noticed an ice dragon
   275 | D        | a fire dragon changed into an ice dragon
   276 | D        | Killed a deep elf master archer
   276 | D        | Reached skill level 13 in Invocations
   276 | D        | Killed a battleaxe of flaming
   276 | D        | Reached skill level 14 in Invocations
   276 | D        | Reached XP level 12. HP: 23/100 MP: 2/22
   279 | D        | Killed a deep elf master archer
   279 | D        | Reached skill level 15 in Invocations
   280 | D        | an ice dragon changed into a tyrant leech
   281 | D        | Noticed an alligator
   281 | D        | a tyrant leech changed into an alligator
   284 | D        | Killed an alligator
   284 | D        | Reached skill level 10 in Stealth
   290 | D        | Reached skill level 16 in Invocations
   302 | D        | Entered arena 13.
   302 | D        | Noticed a lich
   302 | D        | Noticed a vault guard
   302 | D        | Noticed a vault guard
   302 | D        | Noticed a vault guard
   302 | D        | Noticed a stone giant
   303 | D        | Noticed a vault guard
   303 | D        | Killed a stone giant
   303 | D        | Found a transporter.
   303 | D        | Noticed a vault guard
   303 | D        | Noticed a vault guard
   303 | D        | Noticed a vault guard
   303 | D        | Noticed a vault guard
   307 | D        | Killed a lich
   307 | D        | Reached skill level 17 in Invocations
   308 | D        | Killed a vault guard
   309 | D        | Killed a vault guard
   309 | D        | Killed a vault guard
   309 | D        | Reached skill level 18 in Invocations
   309 | D        | Killed a vault guard
   309 | D        | Killed a vault guard
   310 | D        | Killed a vault guard
   310 | D        | Reached skill level 19 in Invocations
   310 | D        | Reached XP level 13. HP: 105/108 MP: 9/26
   314 | D        | Entered arena 14.
   318 | D        | Reached skill level 20 in Invocations
   320 | D        | Found a transporter.
   347 | D        | Entered arena 15.
   348 | D        | Noticed a merfolk javelineer
   349 | D        | Noticed a merfolk impaler
   349 | D        | Noticed a merfolk impaler
   349 | D        | Noticed a merfolk javelineer
   349 | D        | Noticed a merfolk javelineer
   349 | D        | Noticed a merfolk impaler
   350 | D        | Found a transporter.
   362 | D        | Killed a merfolk javelineer
   363 | D        | Killed a merfolk impaler
   363 | D        | Reached skill level 21 in Invocations
   364 | D        | Killed a merfolk javelineer
   365 | D        | Killed a merfolk impaler
   369 | D        | Killed a merfolk impaler
   372 | D        | Killed a merfolk javelineer
   382 | D        | Entered arena 16.
   383 | D        | Noticed a reaper
   384 | D        | Noticed a reaper
   385 | D        | Killed a reaper
   385 | D        | Found a transporter.
   394 | D        | Killed a reaper
   396 | D        | Reached skill level 22 in Invocations
   405 | D        | Entered arena 17.
   407 | D        | Noticed a vampire knight
   408 | D        | Noticed a vampire knight
   414 | D        | Killed a vampire knight
   414 | D        | Reached skill level 1 in Necromancy
   416 | D        | Killed a vampire knight
   416 | D        | Reached skill level 5 in Spellcasting
   419 | D        | Found a transporter.
   431 | D        | Entered arena 18.
   434 | D        | Noticed a spriggan defender
   434 | D        | Noticed a spriggan defender
   435 | D        | Noticed a thorn hunter
   435 | D        | Noticed a dire elephant
   436 | D        | Found the amulet of the Air {Inacc +Fly rElec EV+5 RMsl}
   436 | D        | Found a transporter.
   438 | D        | Gained mutation: Your flesh is heat resistant. (rF+) [demonic ancestry]
   438 | D        | Reached XP level 14. HP: 118/118 MP: 19/29
   440 | D        | Killed a spriggan defender
   450 | D        | Reached skill level 23 in Invocations
   450 | D        | Killed a spriggan defender
   452 | D        | Reached skill level 5 in Necromancy
   452 | D        | Killed a thorn hunter
   470 | D        | Entered arena 19.
   475 | D        | Found a transporter.
   493 | D        | Entered arena 20.
   499 | D        | Found the ring of Phasing {EV+8}
   499 | D        | Noticed a reaper
   499 | D        | Noticed a reaper
   500 | D        | Found a transporter.
   506 | D        | Killed a reaper
   508 | D        | Reached skill level 24 in Invocations
   515 | D        | Killed a reaper
   518 | D        | Entered arena 21.
   522 | D        | Noticed a deep elf master archer
   522 | D        | Noticed a deep elf master archer
   523 | D        | Found the cursed -5 robe of Misfortune {-Cast *Contam *Tele *Drain EV-5 Stlth-- *Curse}
   523 | D        | Reached skill level 10 in Charms
   523 | D        | Found a transporter.
   523 | D        | Noticed a deep elf sorcerer
   523 | D        | Noticed a deep elf sorcerer
   523 | D        | Noticed a deep elf sorcerer
   523 | D        | Noticed a deep elf blademaster
   523 | D        | Noticed a deep elf sorcerer
   527 | D        | Killed a deep elf sorcerer
   527 | D        | Shot with an arrow by a deep elf master archer

Vault maps used:
D:        sprint_v

Skill      XL: |  1  2  3  4  5  6  7  8  9 10 11 12 13 14 |
---------------+-------------------------------------------+-----
Fighting       | 3 4 5 6 7 9 10 11 12 13 | 13.9
Axes           | 2 4 5 6 8 10 12 14 15 16 17 18 | 18.3
Throwing       | 1 |  1.6
Armour         | 2 3 4 5 6 8 9 |  9.8
Dodging        | 2 3 4 |  4.1
Stealth        | 1 2 4 5 6 7 9 11 13 14 | 14.4
Shields        | 1 3 4 6 7 8 10 11 12 13 14 | 14.5
Charms         | 3 5 6 7 10 | 10.1
Evocations     | 2 |  2.1
Spellcasting   | 4 5 8 |  8.7
Invocations    | 6 10 14 19 22 24 | 24.3
Necromancy     | 3 8 |  8.2

Action                   |  1- 3 |  4- 6 |  7- 9 | 10-12 | 13-15 || total
-------------------------+-------+-------+-------+-------+-------++-------
Melee: Broad axe         |     5 |     9 |    31 |    39 |    91 ||   175
       Kick              |     3 |     2 |     8 |    19 |    29 ||    61
Invok: Grand Finale      |       |       |       |     3 |     3 ||     6
Evoke: Lightning rod     |     1 |       |       |       |     1 ||     2
  Use: Potion            |     4 |       |       |     1 |       ||     5
       Scroll            |       |     1 |       |       |       ||     1
 Stab: Paralysed         |       |     3 |     1 |    19 |    20 ||    43
       Distracted        |       |       |       |       |     4 ||     4
  Eat: Bread ration      |       |       |       |       |     1 ||     1
       Chunk             |       |       |       |       |     1 ||     1
Armor: Gold dragon scale |    21 |    11 |    18 |    15 |    83 ||   148
Dodge: Dodged            |     2 |       |     1 |     1 |     3 ||     7
Block: Shield            |    22 |    16 |    52 |    68 |   176 ||   334

Table legend:
 A = Spawn XP
 B = Non-spawn XP
 C = Spawn XP percentage of total XP
 D = Spawn monster count
 E = Non-spawn monster count
 F = Spawn count percentage of total count
 G = Total turns spent on level
                    A         B        C        D         E        F      G
               +---------+---------+-------+---------+---------+-------+---------
         Total |       0 |   95717 |   0.0 |       0 |     193 |   0.0 |   527
               +---------+---------+-------+---------+---------+-------+---------
             D |       0 |   95717 |   0.0 |       0 |     193 |   0.0 |   527
               +---------+---------+-------+---------+---------+-------+---------
